 Dungeon Crawl Stone Soup version 0.29.1-1-gd02db6906a (webtiles) character file.

Game seed: 16282194703602020217

40 LabCoat the Covered (level 3, -7/33 HPs)
             Began as a Hill Orc Fighter on Oct 3, 2022.
             Mangled by Sigmund
             ... wielding a +0 scythe
              (9 damage)
             ... on level 2 of the Dungeon.
             The game lasted 00:03:10 (1071 turns).

LabCoat the Covered (Hill Orc Fighter)              Turns: 1071, Time: 00:03:11

Health: -7/33      AC:  7    Str: 20      XL:     3   Next: 50%
Magic:  3/3        EV:  9    Int:  8      God:
Gold:   36         SH:  5    Dex:  9 (10) Spells: 2/2 levels left

rFire   . . .      SeeInvis .   a - +1 war axe
rCold   . . .      Faith    .   c - +1 buckler
rNeg    . . .      Spirit   .   b - +0 scale mail
rPois   .          Reflect  .   (no helmet)
rElec   .          Harm     .   (no cloak)
rCorr   .          Rampage  .   (no gloves)
Will    .....                   (no boots)
Stlth   ..........              (no amulet)
HPRegen 0.11/turn               (no ring)
MPRegen 0.08/turn               (no ring)

@: unable to drink
A: talons 1, deterioration 1, inability to drink after injury 1
a: no special abilities


You were on level 2 of the Dungeon.
You visited 1 branch of the dungeon, and saw 2 of its levels.

You collected 36 gold pieces.

Inventory:

Hand Weapons
 a - a +1 war axe (weapon)
Armour
 b - a +0 scale mail (worn)
 c - a +1 buckler (worn)
Scrolls
 e - a scroll of enchant armour
 h - a scroll of brand weapon {unknown}
Potions
 f - a potion of cancellation
 g - a potion of mutation


   Skills:
 + Level 3.8 Fighting
 * Level 3.5 Axes
 + Level 0.6 Throwing
 * Level 3.9 Armour
 - Level 3.2 Shields
 + Level 0.9 Evocations


You had 2 spell levels left.
You didn't know any spells.
Your spell library contained the following spells:

 Spells                   Type           Power      Damage    Failure   Level
 Animate Dead             Necr           0%         N/A       100%        4
 Haunt                    Necr/Summ      0%         N/A       100%        7
 Infestation              Necr           0%         N/A       100%        8


Dungeon Overview and Level Annotations

Branches:
Dungeon (2/15)

Altars:

Annotations:
D:2 Sigmund


Innate Abilities, Weirdness & Mutations

You have sharp toenails.
Your body sometimes deteriorates upon taking damage.
You occasionally lose the ability to drink potions when taking damage.


Message History

You kill the endoplasm!
Sigmund the Dreaded comes into view.
He is wielding a +0 scythe and wearing a +2 robe of willpower.
Sigmund shouts!
Sigmund points at you and mumbles some strange words.
The magic dart hits you.
You feel very mighty all of a sudden.
Sigmund gestures wildly while chanting.
Sigmund flickers and vanishes!
Deactivating autopickup; reactivate with Ctrl-A.
A hobgoblin comes into view.
Something hits you.
The hobgoblin shouts!
Something hits you!
You closely miss something. Something hits you!
You completely miss something. You miss something.
Something hits you but does no damage.
You miss something. Something hits you but does no damage.
It was a potion of cancellation.
Your magical effects are unravelling.
You feel magically purged.
You feel a little less mighty now.
You hear some strange, mumbled words.
Something tries to affect you, but you resist.
It was a potion of mutation.
You feel extremely strange.
You occasionally lose the ability to drink potions when taking damage.
You feel yourself wasting away.
Your toenails lengthen and sharpen.
Something hits you.
You feel threatened and lose the ability to drink potions!
* * * LOW HITPOINT WARNING * * *
Sorry, you're not good enough to have a special ability.
Unknown command.
You hit something. Your kick misses something.
Something hits you but does no damage.
Unknown command.
You hit something. Your kick misses something. Something hits you.
* * * LOW HITPOINT WARNING * * *
Your body deteriorates!
You feel clumsy.
You barely miss something. You closely miss something. Something hits you!
You die...

###.###.# ##.#
...#....†..# #...
#..#.##.#### #..#
#.... #.# #...
#.## #.# #..# #.#
#.#######..# #g#
#.##.......# #{#
#.##.####.## #@#
#....# #.# #.#
###### #.# #.#
#.# #.# ######.#
#.########......#
#..........######
############


You could see a hobgoblin.

Vanquished Creatures
  A worm (D:2)
  A dart slug (D:1)
  3 bats
  6 endoplasms
  3 giant cockroaches
  3 goblins (D:1)
  3 hobgoblins (D:1)
  A quokka (D:1)
  4 ball pythons (D:1)
  4 frilled lizards
  A kobold (D:1)
  A rat (D:1)
31 creatures vanquished.

Notes
Turn   | Place    | Note
-------+----------+-------------------------------------------
     0 | D:1      | LabCoat the Hill Orc Fighter began the quest for the Orb.
     0 | D:1      | Reached XP level 1. HP: 19/19 MP: 1/1
   256 | D:1      | Reached XP level 2. HP: 27/27 MP: 2/2
   281 | D:1      | Found a faded altar of an unknown god.
   543 | D:1      | Reached XP level 3. HP: 33/33 MP: 3/3
  1056 | D:2      | Noticed Sigmund
  1067 | D:2      | Gained mutation: You occasionally lose the ability to drink
                  | potions when taking damage. [potion of mutation]
  1067 | D:2      | Gained mutation: Your body sometimes deteriorates upon
                  | taking damage. [potion of mutation]
  1067 | D:2      | Gained mutation: You have sharp toenails. [potion of
                  | mutation]
  1071 | D:2      | Mangled by Sigmund

Illustrated notes

Levels and vault maps discovered:
D:1:      evilmike_arrival_plus, layout_basic, nicolae_ecumenical_snake_handling
D:2:      layout_loops_ring, uniq_sigmund

Skill      XL: |  1 |
---------------+----+-----
Axes           | 3 |  3.5
Fighting       | |  3.8
Throwing       | |  0.6
Armour         | |  3.9
Shields        | |  3.2
Evocations     | |  0.9

Action                   || total
-------------------------++-------
Melee: War axe           ||    80
  Use: Scroll            ||     5
       Potion            ||     3
Armor: Scale mail        ||    32
Dodge: Dodged            ||    20
Block: Buckler           ||    21
